 Dungeon Crawl Stone Soup version 0.31.0-9-g3a7656b989 (webtiles) character file.

Game seed: 9710596255283105554

215741 qw the Marksdemigod (level 17, -2/149 HPs)
             Began as a Demigod Hunter on Feb 2, 2024.
             Slain by a deep troll (12 damage)
             ... led by an ironbound preserver
             ... on level 1 of the Vaults.
             The game lasted 00:06:46 (27439 turns).

qw the Marksdemigod (Demigod Hunter)               Turns: 27439, Time: 00:06:46

Health: -2/149     AC: 17    Str: 14    XL:     17   Next: 71%
Magic:  11/11      EV: 52    Int: 17    God:
Gold:   716        SH:  5    Dex: 47    Spells: 16/16 levels left

rFire   . . .        C - +0 hand cannon
rCold   . . .        (no shield)
rNeg    . . .        c - +4 robe of Augmentation {Str+4 Int+4 Dex+4}
rPois   +            d - +2 helmet
rElec   .            r - +1 cloak of Focus {rPois MP-9 Str-2 Int+6}
rCorr   .            k - +2 pair of gloves
SInv    +            a - +1 pair of boots of Intuition {+Inv Regen+ Int-4 SInv}
Will    +....        y - amulet of reflection
Stlth   ++++         v - +6 ring of dexterity
HPRegen 1.24/turn    j - +5 ring of evasion
MPRegen 0.12/turn

%: reflection
@: about to teleport, afraid, frozen, very slow
A: high MP 1, forlorn, divine attributes
}: 1/15 runes: serpentine
a: Evoke Invisibility


You were on level 1 of the Vaults.
You visited 6 branches of the dungeon, and saw 31 of its levels.
You also visited: Gauntlet.

You collected 2520 gold pieces.
You spent 1804 gold pieces at shops.


Innate Abilities, Weirdness & Mutations

You have an increased reservoir of magic. (+10% MP)
You shall have no god before yourself.
Your divine heritage dramatically boosts your attributes as you level up.


   Skills:
 - Level 13.0 Fighting
 + Level 20.9 Ranged Weapons
 - Level 5.3 Armour
 - Level 19.0 Dodging
 - Level 0.8 Stealth


You had 16 spell levels left.
You didn't know any spells.
Your spell library was empty.

Inventory:

Hand Weapons
 C - a +0 hand cannon (weapon)
Armour
 a - the +1 pair of boots of Intuition (worn) {+Inv Regen+ Int-4 SInv}
   (You acquired it on level 11 of the Dungeon)

   Int-4:     It affects your intelligence (-4).
   SInv:      It lets you see invisible.
   +Inv:      It lets you turn invisible.
   Regen+:    It increases your rate of health regeneration.
 c - the +4 robe of Augmentation (worn) {Str+4 Int+4 Dex+4}
   (You took it off an efreet on level 11 of the Dungeon)

   Str+4:     It affects your strength (+4).
   Int+4:     It affects your intelligence (+4).
   Dex+4:     It affects your dexterity (+4).
 d - a +2 helmet (worn)
 h - a scarf of resistance
 k - a +2 pair of gloves (worn)
 n - a +2 pair of boots of flying
 r - the +1 cloak of Focus (worn) {rPois MP-9 Str-2 Int+6}
   (You bought it in a shop on level 3 of the Shoals)

   Str-2:     It affects your strength (-2).
   Int+6:     It affects your intelligence (+6).
   rPois:     It protects you from poison MP-9: It affects your magic capacity
   (-9).
 s - a +2 robe of resistance
 t - a +2 ring mail of fire resistance
 u - a +2 cloak of willpower
Jewellery
 j - a +5 ring of evasion (right hand)
 q - the ring of Goinein {rF+ MP+9}
   (You acquired it on level 3 of the Lair of Beasts)

   [ring of magical power]

   rF+:       It protects you from fire.
   MP+9:      It affects your magic capacity (+9).
 v - a +6 ring of dexterity (left hand)
 y - an amulet of reflection (around neck)
Wands
 l - a wand of polymorph (33)
 o - a wand of paralysis (21)
 w - a wand of mindburst (11)
 z - a wand of iceblast (10)
Scrolls
 f - 5 scrolls of identify
 m - 8 scrolls of teleportation
 B - a scroll of enchant armour
Potions
 b - a potion of enlightenment
 g - 3 potions of might
 i - 7 potions of curing
 p - a potion of cancellation
 x - 2 potions of mutation

Dungeon Overview and Level Annotations

Branches:
Dungeon (15/15)            Temple (0/1) D:4            Lair (5/5) D:11
 Shoals (4/4) Lair:2        Snake (4/4) Lair:3        Slime (0/5) Lair:4
    Orc (2/2) D:10            Elf (0/3) Orc:2        Vaults (1/5) D:13
 Depths (0/4) D:15        Gauntlet (visited)

Shops:
D:7 *   D:12 =(:   Orc:2 ?*?(   Shoals:3 [   Snake:1 (   Vaults:1 :

Annotations:
D:4 2 transporters, qw's ghost, novice DjHu
D:14 3 runed translucent doors, Jiolyugh's ghost, journeyman GrEE
Lair:5 2 runed translucent doors
Shoals:1 1 runed translucent door, Cedruin's ghost, adept DrAr
Shoals:2 2 transporters, exclusion: 2 tentacles, Cedruin's ghost, adept DrAr


Message History

The ironbound preserver begins to accept its allies' injuries.
The deep troll completely misses you. The deep troll misses you.
The deep troll completely misses you.
A glowing orange brain comes into view.
You shoot a bolt. The bolt hits the ironbound preserver!
You kill the ironbound preserver!
The deep troll completely misses you. x4; The deep troll claws you. x2
The glowing orange brain pulsates.
The glowing orange brain radiates an aura of fear!
You are terrified of the glowing orange brain!
The ironbound frostheart calls freezing cold from the walls.
The frost grips you but does no damage.
You are encased in ice.
You shoot a bolt. The bolt hits the deep troll!!
The deep troll is heavily wounded.
The deep troll closely misses you.
The deep troll completely misses you. x2
The deep troll bites you. The deep troll completely misses you.
You block the deep troll's attack.
The deep troll completely misses you. x3
You shoot a bolt. The bolt hits the deep troll.
The deep troll is heavily wounded.
The deep troll completely misses you. x2; The deep troll closely misses you.
The deep troll completely misses you. The deep troll claws you!
The deep troll barely misses you. The deep troll completely misses you.
The deep troll misses you. x2
27438 ||| READING 9 scrolls of teleportation.
As you read the scroll of teleportation, it crumbles to dust.
You feel strangely unstable. The ice encasing you melts away.
The deep troll completely misses you. x3; You block the deep troll's attack.
The deep troll completely misses you. x3
The deep troll claws you but does no damage.
The deep troll completely misses you.
The ironbound frostheart calls freezing cold from the walls.
The frost grips you!!
You are encased in ice.
You shoot a bolt. The bolt hits the deep troll!!
The deep troll is almost dead.
The deep troll completely misses you. x3; The deep troll misses you.
The deep troll completely misses you. x2; The deep troll bites you!
You die...

#########........%.%....'.
#.......#..........#....#.
#.......#..........#....#.
#.......#..........#....##
#.......'....G.....#....#
#......%#..........#....#
#......$#pc........#....#
#.......#TT........#....#
#.......#@TT.......#....#
#.......############....#
####'#### ####....## ...
.......... .....
.........[ .......
.......... .........
#########. ....:...... #.
............# #.


You could see an ironbound frostheart, a glowing orange brain (scary), 4 deep
trolls and a yaktaur.

Vanquished Creatures
  Rupert (D:15)
  Mlioglotl (Shoals:3)
  Asterion (Snake:2)
  Roxanne (Shoals:1)
  Ilsuiw (Shoals:4)
  8 nagarajas (Snake:4)
  2 azure jellies (Lair:5)
  4 ironbound preservers (Vaults:1)
  6 orc warlords
  A formless jellyfish (Vaults:1)
  2 ironbound thunderhulks (Vaults:1)
  A minotaur (Gauntlet)
  Snorg (Lair:4)
  3 merfolk impalers
  A merfolk javelineer (Shoals:3)
  2 yaktaur captains (Vaults:1)
  A fire dragon (D:15)
  8 hydras
  A merfolk avatar (Shoals:1)
  4 ogre magi
  2 ironbound frosthearts (Vaults:1)
  8 centaur warriors
  A death knight (D:15)
  2 boulder beetles
  4 tengu warriors
  7 two-headed ogres
  7 merfolk aquamancers
  8 death yaks
  A deep troll earth mage (D:15)
  2 satyrs
  6 anacondas
  9 naga warriors (Snake:4)
  6 naga sharpshooters
  9 shock serpents
  6 orc high priests
  6 skysharks
  2 salamander mystics
  13 sea snakes
  4 skeletal warriors (D:15)
  10 deep trolls
  10 mana vipers
  A glowing orange brain (Vaults:1)
  2 phantasmal warriors (D:15)
  4 naga ritualists
  5 harpies (Shoals:4)
  11 orc knights
  4 deep elf pyromancers
  A necromancer (Vaults:1)
  A frost giant zombie (Vaults:1)
  8 lindwurms
  An oklob plant (Lair:4)
  7 cyclopes
  5 orc sorcerers
  18 fauns
  A worldbinder (Gauntlet)
  8 ugly things
  A wolf spider (D:15)
  5 manticores
  An elephant (Lair:4)
  10 salamanders
  7 merfolk sirens
  35 black mambas
  14 naga magi
  4 kobold blastminers
  3 guardian serpents (Snake:4)
  16 cane toads
  2 molten gargoyles (Lair:5)
  6 water nymphs
  A torpor snail (shapeshifter) (D:13)
  2 gargoyles
  4 kobold demonologists
  A torpor snail (Gauntlet)
  5 yaktaurs
  3 freezing wraiths
  5 rime drakes
  7 komodo dragons
  Psyche (D:11)
  An efreet (D:11)
  A human zombie (Vaults:1)
  A tengu conjurer (D:14)
  8 trolls
  15 merfolk
  2 polar bears
  A raiju (shapeshifter) (D:13)
  2 wind drakes
  11 blink frogs
  4 dream sheep (Shoals:3)
  7 snapping turtles
  20 slime creatures
  A fire giant simulacrum (Vaults:1)
  A shadow (D:11)
  A vampire (D:11)
  A ynoxinul (Gauntlet)
  2 wraiths
  9 water elementals
  9 wyverns
  43 yaks
  3 steam dragons
  3 basilisks
  3 wargs (Orc:2)
  6 vampire mosquitoes
  A glowing shapeshifter zombie (Vaults:1)
  18 nagas
  5 hell hounds
  11 water moccasins
  3 acid dragons
  An ice beast (D:5)
  61 orc warriors
  A sky beast (D:8)
  4 black bears
  14 ogres
  27 wolves
  A boggart (Gauntlet)
  10 centaurs
  A phantom (D:4)
  5 kobold brigands
  9 bullfrogs
  2 gnoll sergeants
  2 scorpions
  3 killer bees
  4 howler monkeys
  4 electric eels
  8 lava snakes
  2 bombardier beetles
  11 jellies
  2 hounds
  36 orc priests
  A gnoll bouda (D:5)
  3 iron imps (Gauntlet)
  3 sleepcaps
  3 iguanas
  26 orc wizards
  Natasha (thrice) (D:3)
  2 hell rats (D:11)
  11 gnolls
  6 adders
  3 shadow imps
  4 white imps
  2 ufetubi (D:6)
  2 dart slugs
  2 ribbon worms (D:2)
  118 orcs
  6 bats
  11 endoplasms
  3 giant cockroaches
  9 goblins
  6 hobgoblins
  3 quokkas
  4 ball pythons
  A frilled lizard (D:2)
  27 kobolds
  7 rats
  2 tentacles (Shoals:2)
1052 creatures vanquished.

Vanquished Creatures (others)
  An orc knight (Orc:2)
  An acid dragon (D:10)
  2 orcs (Orc:1)
  6 tentacles (Shoals:2)
10 creatures vanquished.

Grand Total: 1062 creatures vanquished

Notes
Turn   | Place    | Note
-------+----------+-------------------------------------------
     0 | D:1      | qw the Demigod Hunter began the quest for the Orb.
     0 | D:1      | Reached XP level 1. HP: 17/17 MP: 3/3
     0 | D:1      | 0 ||| qw: Version: 0.3-a-155-g5e7d8dd
     0 | D:1      | 0 ||| qw: Game counter: 125
     0 | D:1      | 0 ||| qw: Melee chars always use a shield: true
     0 | D:1      | 0 ||| qw: God list: Okawaru
     0 | D:1      | 0 ||| qw: Allow faded altars: false
     0 | D:1      | 0 ||| qw: Do Orc after clearing Dungeon:15 true
     0 | D:1      | 0 ||| qw: Do second Lair branch before Depths: true
     0 | D:1      | 0 ||| qw: Lair rune preference: random
     0 | D:1      | 0 ||| qw: Goals: Normal
     0 | D:1      | 0 ||| PLANNING D:1-11
    99 | D:1      | Reached skill level 4 in Ranged Weapons
   110 | D:1      | Reached XP level 2. HP: 23/24 MP: 4/4
   492 | D:1      | 492 ||| READING scroll labelled ERIEZ BOIJILA.
   493 | D:1      | 493 ||| READING scroll labelled DICATR POURO.
   594 | D:1      | 594 ||| READING 3 scrolls labelled BIYPPEKHUI.
   594 | D:1      | 594 ||| IDENTIFYING metallic sapphire potion
   595 | D:1      | 595 ||| READING 2 scrolls of identify.
   595 | D:1      | 595 ||| IDENTIFYING clear potion
   596 | D:1      | 596 ||| READING scroll of identify.
   596 | D:1      | 596 ||| IDENTIFYING red potion
   597 | D:1      | 597 ||| READING scroll labelled CEPIYS ITOVUTA.
   598 | D:1      | 598 ||| READING scroll labelled KIUZ MAMACAAL.
   599 | D:1      | 599 ||| DRINKING 2 blue potions.
   600 | D:1      | 600 ||| DROPPING scroll of butterflies.
   601 | D:1      | 601 ||| DROPPING potion of attraction.
   675 | D:2      | Reached XP level 3. HP: 21/29 MP: 5/5
  1011 | D:2      | 1011 ||| READING scroll labelled KEYZIC OTEEMOQ.
  1015 | D:2      | 1015 ||| READING scroll labelled RIULOCHOCIPP.
  1094 | D:3      | Noticed Natasha
  1100 | D:3      | Killed Natasha
  1101 | D:3      | Reached skill level 5 in Ranged Weapons
  1101 | D:3      | Reached XP level 4. HP: 21/36 MP: 6/6
  1191 | D:3      | Noticed Natasha
  1203 | D:3      | HP: 6/36 [cerulean imp/+2 spear[Natasha] (4)]
  1204 | D:3      | 1204 ||| READING scroll of teleportation.
  1205 | D:3      | 1205 ||| DRINKING potion of heal wounds.
  1258 | D:3      | 1258 ||| DRINKING 2 potions of haste.
  1260 | D:3      | Killed Natasha
  1293 | D:3      | Identified the ring "Eblovu" {AC+4 Str+3}
  1399 | D:3      | You fall into a shaft and drop 1 floor!
  1400 | D:4      | Noticed a black bear
  1401 | D:4      | 1401 ||| DRINKING potion of haste.
  1407 | D:4      | Killed a black bear
  1408 | D:4      | Reached skill level 6 in Ranged Weapons
  1408 | D:4      | Reached XP level 5. HP: 41/41 MP: 7/7
  1439 | D:4      | Found a staircase to the Ecumenical Temple.
  1462 | D:4      | Reached XP level 6. HP: 41/50 MP: 8/8
  1511 | D:4      | 1511 ||| UPGRADING to +0 ring mail.
  1521 | D:4      | 1521 ||| DROPPING +0 leather armour.
  1522 | D:4      | 1522 ||| UPGRADING to ring "Eblovu" {AC+4 Str+3}.
  1527 | D:4      | 1527 ||| FLEEEEING.
  1528 | D:4      | 1528 ||| FLEEEEING.
  1529 | D:4      | 1529 ||| FLEEEEING.
  1530 | D:4      | 1530 ||| STAIRDANCE
  1597 | D:3      | Noticed Natasha
  1610 | D:3      | Killed Natasha
  1753 | D:3      | Reached skill level 1 in Armour
  1798 | D:3      | Reached skill level 3 in Fighting
  1891 | D:3      | 1891 ||| UPGRADING to +1 helmet.
  1896 | D:3      | 1896 ||| UPGRADING to amulet of guardian spirit.
  1901 | D:3      | 1901 ||| READING scroll of identify.
  1901 | D:3      | 1901 ||| IDENTIFYING ruby potion
  1902 | D:3      | 1902 ||| READING 3 scrolls labelled SEUQED ROVULO.
  1903 | D:3      | 1903 ||| DROPPING 2 scrolls of immolation.
  2014 | D:4      | Found a transporter.
  2014 | D:4      | Noticed qw's ghost (novice DjHu)
  2038 | D:4      | Found a transporter.
  2207 | D:4      | Reached skill level 3 in Dodging
  2215 | D:4      | 2215 ||| FLEEEEING.
  2216 | D:4      | 2216 ||| FLEEEEING.
  2217 | D:4      | 2217 ||| FLEEEEING.
  2218 | D:4      | 2218 ||| FLEEEEING.
  2219 | D:4      | 2219 ||| FLEEEEING.
  2220 | D:4      | 2220 ||| FLEEEEING.
  2221 | D:4      | 2221 ||| FLEEEEING.
  2222 | D:4      | 2222 ||| FLEEEEING.
  2223 | D:4      | 2223 ||| FLEEEEING.
  2224 | D:4      | 2224 ||| FLEEEEING.
  2225 | D:4      | 2225 ||| FLEEEEING.
  2226 | D:4      | 2226 ||| FLEEEEING.
  2227 | D:4      | 2227 ||| FLEEEEING.
  2228 | D:4      | 2228 ||| FLEEEEING.
  2229 | D:4      | 2229 ||| FLEEEEING.
  2230 | D:4      | 2230 ||| STAIRDANCE
  2261 | D:3      | 2261 ||| READING scroll labelled KEG IN EGOR.
  2474 | D:5      | Entered Level 5 of the Dungeon
  2481 | D:5      | Reached skill level 7 in Ranged Weapons
  2481 | D:5      | Reached XP level 7. HP: 57/57 MP: 9/9
  2693 | D:5      | 2693 ||| RETREEEEATING.
  2709 | D:5      | HP: 13/57 [gnoll/+0 spear[a gnoll bouda] (6)]
  2710 | D:5      | 2710 ||| READING 2 scrolls of teleportation.
  2976 | D:5      | Reached skill level 8 in Ranged Weapons
  3302 | D:5      | 3302 ||| UPGRADING to +0 pair of boots.
  3307 | D:5      | 3307 ||| READING scroll of identify.
  3307 | D:5      | 3307 ||| IDENTIFYING smoky pink potion
  3308 | D:5      | 3308 ||| READING scroll labelled BAARRY BIEZA.
  3308 | D:5      | 3308 ||| ENCHANTING +0 shortbow.
  3309 | D:5      | 3309 ||| READING scroll labelled TEMIMI RUUMPECY.
  3310 | D:5      | 3310 ||| DRINKING 2 coppery potions.
  3604 | D:6      | Reached XP level 8. HP: 66/66 MP: 10/10
  3804 | D:6      | 3804 ||| FLEEEEING.
  3805 | D:6      | 3805 ||| FLEEEEING.
  3806 | D:6      | 3806 ||| FLEEEEING.
  3807 | D:6      | 3807 ||| FLEEEEING.
  3808 | D:6      | 3808 ||| FLEEEEING.
  3809 | D:6      | 3809 ||| FLEEEEING.
  3810 | D:6      | 3810 ||| FLEEEEING.
  3811 | D:6      | 3811 ||| FLEEEEING.
  3812 | D:6      | 3812 ||| FLEEEEING.
  3813 | D:6      | 3813 ||| FLEEEEING.
  3815 | D:6      | 3815 ||| FLEEEEING.
  3816 | D:6      | 3816 ||| FLEEEEING.
  4002 | D:6      | Reached skill level 9 in Ranged Weapons
  4061 | D:6      | HP: 16/67 [burnt (1)]
  4242 | D:6      | Identified the +0 leather armour of Ehutol {rF+}
  4633 | D:6      | 4633 ||| UPGRADING to +0 leather armour of Ehutol {rF+}.
  4643 | D:6      | 4643 ||| DROPPING +0 ring mail.
  4644 | D:6      | 4644 ||| UPGRADING to +3 leather armour of cold resistance.
  4654 | D:6      | 4654 ||| READING 2 scrolls of identify.
  4654 | D:6      | 4654 ||| IDENTIFYING brown potion
  4752 | D:7      | Found Itani's Elemental Accessories.
  4955 | D:7      | 4955 ||| SWAPPING to +0 orcbow.
  4956 | D:7      | 4956 ||| DROPPING +1 shortbow.
  5078 | D:7      | 5078 ||| READING scroll of identify.
  5078 | D:7      | 5078 ||| IDENTIFYING smoky sapphire potion
  5079 | D:7      | 5079 ||| DROPPING potion of berserk rage.
  5143 | D:8      | 5143 ||| FLEEEEING.
  5144 | D:8      | 5144 ||| FLEEEEING.
  5145 | D:8      | 5145 ||| FLEEEEING.
  5146 | D:8      | 5146 ||| FLEEEEING.
  5147 | D:8      | 5147 ||| FLEEEEING.
  5148 | D:8      | 5148 ||| FLEEEEING.
  5149 | D:8      | 5149 ||| FLEEEEING.
  5150 | D:8      | 5150 ||| FLEEEEING.
  5151 | D:8      | 5151 ||| FLEEEEING.
  5152 | D:8      | 5152 ||| FLEEEEING.
  5154 | D:8      | 5154 ||| FLEEEEING.
  5352 | D:8      | 5352 ||| ZAPPING wand of light (14) at 4,0 (kobold brigand;
                  | floor).
  5353 | D:8      | 5353 ||| ZAPPING wand of light (13) at 3,0 (kobold brigand;
                  | floor).
  5354 | D:8      | 5354 ||| ZAPPING wand of light (12) at 4,0 (kobold brigand;
                  | floor).
  5355 | D:8      | 5355 ||| ZAPPING wand of light (11) at 3,0 (kobold brigand;
                  | floor).
  5357 | D:8      | 5357 ||| ZAPPING wand of light (10) at 5,-1 (sky beast;
                  | floor).
  5358 | D:8      | 5358 ||| ZAPPING wand of light (9) at 3,-1 (sky beast;
                  | floor).
  5359 | D:8      | Reached XP level 9. HP: 33/74 MP: 11/11
  6513 | D:9      | 6513 ||| STAIRDANCE
  6537 | D:9      | 6537 ||| STAIRDANCE
  6596 | D:9      | Reached skill level 10 in Ranged Weapons
  6596 | D:9      | 6596 ||| STAIRDANCE
  6601 | D:9      | 6601 ||| STAIRDANCE
  6724 | D:9      | 6724 ||| STAIRDANCE
  6743 | D:9      | 6743 ||| STAIRDANCE
  6749 | D:9      | 6749 ||| STAIRDANCE
  6808 | D:9      | 6808 ||| RETREEEEATING.
  6815 | D:9      | 6815 ||| RETREEEEATING.
  6816 | D:9      | 6816 ||| RETREEEEATING.
  6823 | D:9      | HP: 13/74 [troll (9)]
  6824 | D:9      | 6824 ||| READING 2 scrolls of teleportation.
  6824 | D:9      | HP: 3/74 [troll (10)]
  6825 | D:9      | 6825 ||| DRINKING potion of heal wounds.
  6827 | D:9      | Reached skill level 6 in Dodging
  6842 | D:9      | 6842 ||| DRINKING 2 potions of curing.
  6842 | D:9      | 6842 ||| (to cure confusion)
  7177 | D:9      | Identified the amulet of Agoufiahoi {Spirit MP+9}
  7217 | D:9      | Noticed a two-headed ogre
  7218 | D:9      | 7218 ||| ZAPPING wand of paralysis (1) at -2,-7 (two-headed
                  | ogre; floor).
  7221 | D:9      | 7221 ||| ZAPPING wand of light (8) at -1,-2 (two-headed
                  | ogre; floor).
  7222 | D:9      | 7222 ||| ZAPPING wand of light (7) at 0,-1 (two-headed
                  | ogre; floor).
  7223 | D:9      | 7223 ||| ZAPPING wand of light (6) at 0,-1 (two-headed
                  | ogre; floor).
  7224 | D:9      | 7224 ||| ZAPPING wand of light (5) at 0,-1 (two-headed
                  | ogre; floor).
  7224 | D:9      | Killed a two-headed ogre
  7225 | D:9      | Reached skill level 6 in Fighting
  7562 | D:9      | 7562 ||| UPGRADING to +0 pair of gloves.
  7567 | D:9      | 7567 ||| DROPPING amulet of Agoufiahoi {Spirit MP+9}.
  7568 | D:9      | 7568 ||| UPGRADING to ring of protection from cold.
  7569 | D:9      | 7569 ||| READING 3 scrolls of identify.
  7569 | D:9      | 7569 ||| IDENTIFYING scroll labelled SYRRANLI QOINT
  7570 | D:9      | 7570 ||| DROPPING scroll of revelation.
  7607 | D:10     | Entered Level 10 of the Dungeon
  7617 | D:10     | 7617 ||| STAIRDANCE
  7792 | D:10     | Noticed a kobold demonologist
  7800 | D:10     | 7800 ||| RETREEEEATING.
  7801 | D:10     | 7801 ||| ZAPPING wand of light (4) at 2,1 (kobold
                  | demonologist; floor).
  7801 | D:10     | Killed a kobold demonologist
  7855 | D:10     | Noticed a centaur warrior
  7858 | D:10     | 7858 ||| ZAPPING wand of light (3) at -1,4 (centaur
                  | warrior; floor).
  7859 | D:10     | 7859 ||| ZAPPING wand of iceblast (4) at -1,3 (centaur
                  | warrior; floor).
  7860 | D:10     | 7860 ||| ZAPPING wand of iceblast (3) at -1,2 (centaur
                  | warrior; floor).
  7861 | D:10     | 7861 ||| ZAPPING wand of iceblast (2) at -1,2 (centaur
                  | warrior; floor).
  7861 | D:10     | Killed a centaur warrior
  7862 | D:10     | Reached skill level 11 in Ranged Weapons
  7862 | D:10     | Reached XP level 10. HP: 65/84 MP: 9/13
  8017 | D:10     | 8017 ||| RETREEEEATING.
  8019 | D:10     | 8019 ||| RETREEEEATING.
  8021 | D:10     | 8021 ||| RETREEEEATING.
  8027 | D:10     | 8027 ||| RETREEEEATING.
  8028 | D:10     | 8028 ||| RETREEEEATING.
  8029 | D:10     | 8029 ||| RETREEEEATING.
  8030 | D:10     | 8030 ||| RETREEEEATING.
  8031 | D:10     | 8031 ||| RETREEEEATING.
  8179 | D:10     | Found a staircase to the Orcish Mines.
  8489 | D:10     | 8489 ||| READING 3 scrolls of identify.
  8489 | D:10     | 8489 ||| IDENTIFYING inky potion
  8490 | D:10     | 8490 ||| READING 2 scrolls of identify.
  8490 | D:10     | 8490 ||| IDENTIFYING scroll labelled ASHREGEULYOB
  8491 | D:10     | 8491 ||| DROPPING potion of magic.
  8492 | D:10     | 8492 ||| DROPPING scroll of torment.
  8500 | D:11     | Noticed a two-headed ogre
  8501 | D:11     | 8501 ||| STAIRDANCE
  8505 | D:11     | 8505 ||| STAIRDANCE
  8585 | D:11     | Killed a two-headed ogre
  8655 | D:11     | Noticed an ogre mage
  8655 | D:11     | Noticed an ogre mage
  8655 | D:11     | Noticed a centaur warrior
  8661 | D:11     | Noticed a two-headed ogre
  8663 | D:11     | 8663 ||| ZAPPING wand of iceblast (1) at -5,0 (two-headed
                  | ogre; floor).
  8664 | D:11     | 8664 ||| ZAPPING wand of light (2) at -4,0 (two-headed
                  | ogre; floor).
  8665 | D:11     | 8665 ||| ZAPPING wand of light (1) at -3,0 (two-headed
                  | ogre; floor).
  8668 | D:11     | Killed a two-headed ogre
  8669 | D:11     | Reached skill level 12 in Ranged Weapons
  8698 | D:11     | 8698 ||| FLEEEEING.
  8733 | D:11     | 8733 ||| RETREEEEATING.
  8737 | D:11     | 8737 ||| RETREEEEATING.
  8747 | D:11     | 8747 ||| RETREEEEATING.
  8749 | D:11     | 8749 ||| RETREEEEATING.
  8750 | D:11     | 8750 ||| RETREEEEATING.
  8751 | D:11     | 8751 ||| RETREEEEATING.
  8752 | D:11     | 8752 ||| RETREEEEATING.
  8765 | D:11     | Noticed a rust devil
  8766 | D:11     | Noticed a rust devil
  8766 | D:11     | 8766 ||| READING 2 scrolls of teleportation.
  8768 | D:11     | 8768 ||| RETREEEEATING.
  8823 | D:11     | Noticed a cyclops
  8828 | D:11     | Killed a cyclops
  8869 | D:11     | Noticed a death yak
  8874 | D:11     | Noticed a death yak
  8875 | D:11     | Noticed a death yak
  8884 | D:11     | Killed a death yak
  8887 | D:11     | HP: 20/86 [death yak (8)]
  8888 | D:11     | 8888 ||| READING scroll of teleportation.
  8889 | D:11     | 8889 ||| RETREEEEATING.
  8890 | D:11     | 8890 ||| RETREEEEATING.
  8891 | D:11     | HP: 4/86 [death yak (8)]
  8892 | D:11     | 8892 ||| RETREEEEATING.
  9186 | D:11     | Killed a death yak
  9187 | D:11     | Reached XP level 11. HP: 70/92 MP: 9/14
  9194 | D:11     | Killed a death yak
  9209 | D:11     | 9209 ||| FLEEEEING.
  9210 | D:11     | 9210 ||| FLEEEEING.
  9269 | D:11     | 9269 ||| FLEEEEING.
  9370 | D:11     | Noticed Psyche
  9377 | D:11     | 9377 ||| DRINKING potion of cancellation.
  9379 | D:11     | Killed Psyche
  9380 | D:11     | Reached skill level 13 in Ranged Weapons
  9425 | D:11     | Found a staircase to the Lair.
  9448 | D:11     | Noticed an ogre mage
  9458 | D:11     | Killed an ogre mage
  9535 | D:11     | 9535 ||| RETREEEEATING.
  9536 | D:11     | 9536 ||| RETREEEEATING.
  9537 | D:11     | 9537 ||| RETREEEEATING.
  9538 | D:11     | 9538 ||| RETREEEEATING.
  9540 | D:11     | 9540 ||| FLEEEEING.
  9541 | D:11     | 9541 ||| FLEEEEING.
  9542 | D:11     | 9542 ||| FLEEEEING.
  9543 | D:11     | 9543 ||| FLEEEEING.
  9544 | D:11     | 9544 ||| FLEEEEING.
  9545 | D:11     | 9545 ||| FLEEEEING.
  9546 | D:11     | 9546 ||| FLEEEEING.
  9547 | D:11     | 9547 ||| FLEEEEING.
  9548 | D:11     | 9548 ||| RETREEEEATING.
  9549 | D:11     | 9549 ||| RETREEEEATING.
  9552 | D:11     | 9552 ||| RETREEEEATING.
  9553 | D:11     | 9553 ||| RETREEEEATING.
  9554 | D:11     | 9554 ||| RETREEEEATING.
  9555 | D:11     | 9555 ||| RETREEEEATING.
  9556 | D:11     | 9556 ||| RETREEEEATING.
  9557 | D:11     | 9557 ||| RETREEEEATING.
  9558 | D:11     | 9558 ||| RETREEEEATING.
  9559 | D:11     | 9559 ||| RETREEEEATING.
  9566 | D:11     | 9566 ||| RETREEEEATING.
  9572 | D:11     | Killed an ogre mage
  9730 | D:11     | 9730 ||| READING scroll of identify.
  9730 | D:11     | 9730 ||| IDENTIFYING scroll labelled GASUIM AFOLINIO
  9730 | D:11     | Identified a scroll of acquirement
  9731 | D:11     | 9731 ||| READING scroll of acquirement.
  9731 | D:11     | 9731 ||| ACQUIRING +1 pair of boots of Intuition {+Inv
                  | Regen+ Int-4 SInv}
  9731 | D:11     | Acquired the +1 pair of boots of Intuition {+Inv Regen+
                  | Int-4 SInv}
  9733 | D:11     | 9733 ||| UPGRADING to +1 pair of boots of Intuition {+Inv
                  | Regen+ Int-4 SInv}.
  9837 | D:11     | 9837 ||| UPGRADING to +1 pair of boots of Intuition {+Inv
                  | Regen+ Int-4 SInv}.
  9847 | D:11     | 9847 ||| DROPPING +0 pair of boots.
  9850 | D:11     | 9850 ||| UPGRADING to +4 robe of Augmentation {Str+4 Int+4
                  | Dex+4}.
  9860 | D:11     | 9860 ||| DROPPING +0 leather armour of Ehutol {rF+}.
  9861 | D:11     | 9861 ||| DROPPING +3 leather armour of cold resistance.
  9905 | D:11     | Killed a centaur warrior
  9906 | D:11     | Reached skill level 9 in Dodging
  9910 | D:11     | 9910 ||| ZAPPING wand of light (6) at 4,-3 (ogre mage;
                  | floor).
  9918 | D:11     | Killed an ogre mage
 10026 | D:11     | 10026 ||| PLANNING LAIR
 10026 | D:11     | 10026 ||| READING scroll of identify.
 10026 | D:11     | 10026 ||| IDENTIFYING smoky orange potion
 10027 | D:11     | 10027 ||| DROPPING potion of brilliance.
 10071 | Lair:1   | Entered Level 1 of the Lair of Beasts
 10077 | Lair:1   | 10077 ||| RETREEEEATING.
 10078 | Lair:1   | 10078 ||| RETREEEEATING.
 10079 | Lair:1   | 10079 ||| RETREEEEATING.
 10080 | Lair:1   | 10080 ||| RETREEEEATING.
 10081 | Lair:1   | 10081 ||| RETREEEEATING.
 10082 | Lair:1   | 10082 ||| RETREEEEATING.
 10160 | Lair:1   | 10160 ||| RETREEEEATING.
 10161 | Lair:1   | 10161 ||| RETREEEEATING.
 10162 | Lair:1   | 10162 ||| RETREEEEATING.
 10163 | Lair:1   | 10163 ||| RETREEEEATING.
 10164 | Lair:1   | 10164 ||| RETREEEEATING.
 10165 | Lair:1   | 10165 ||| RETREEEEATING.
 10166 | Lair:1   | 10166 ||| RETREEEEATING.
 10167 | Lair:1   | 10167 ||| RETREEEEATING.
 10168 | Lair:1   | 10168 ||| RETREEEEATING.
 10169 | Lair:1   | 10169 ||| RETREEEEATING.
 10170 | Lair:1   | 10170 ||| RETREEEEATING.
 10171 | Lair:1   | 10171 ||| RETREEEEATING.
 10299 | Lair:1   | Reached skill level 14 in Ranged Weapons
 10306 | Lair:1   | 10306 ||| RETREEEEATING.
 10308 | Lair:1   | 10308 ||| RETREEEEATING.
 10309 | Lair:1   | 10309 ||| RETREEEEATING.
 10310 | Lair:1   | 10310 ||| RETREEEEATING.
 10311 | Lair:1   | 10311 ||| RETREEEEATING.
 10334 | Lair:1   | 10334 ||| RETREEEEATING.
 10335 | Lair:1   | 10335 ||| RETREEEEATING.
 10336 | Lair:1   | 10336 ||| RETREEEEATING.
 10337 | Lair:1   | 10337 ||| RETREEEEATING.
 10338 | Lair:1   | 10338 ||| RETREEEEATING.
 10339 | Lair:1   | 10339 ||| RETREEEEATING.
 10340 | Lair:1   | 10340 ||| RETREEEEATING.
 10341 | Lair:1   | 10341 ||| RETREEEEATING.
 10342 | Lair:1   | 10342 ||| RETREEEEATING.
 10343 | Lair:1   | 10343 ||| RETREEEEATING.
 10348 | Lair:1   | 10348 ||| RETREEEEATING.
 10354 | Lair:1   | 10354 ||| RETREEEEATING.
 10413 | Lair:1   | 10413 ||| RETREEEEATING.
 10414 | Lair:1   | 10414 ||| RETREEEEATING.
 10415 | Lair:1   | 10415 ||| RETREEEEATING.
 10416 | Lair:1   | 10416 ||| RETREEEEATING.
 10417 | Lair:1   | 10417 ||| RETREEEEATING.
 10418 | Lair:1   | 10418 ||| RETREEEEATING.
 10419 | Lair:1   | 10419 ||| RETREEEEATING.
 10420 | Lair:1   | 10420 ||| RETREEEEATING.
 10421 | Lair:1   | 10421 ||| RETREEEEATING.
 10439 | Lair:1   | Reached XP level 12. HP: 102/102 MP: 15/15
 10583 | Lair:1   | 10583 ||| RETREEEEATING.
 10584 | Lair:1   | 10584 ||| RETREEEEATING.
 10585 | Lair:1   | 10585 ||| RETREEEEATING.
 10696 | Lair:1   | 10696 ||| READING scroll of enchant weapon.
 10696 | Lair:1   | 10696 ||| ENCHANTING +0 orcbow.
 10819 | Lair:1   | 10819 ||| UPGRADING to +2 cloak of willpower.
 10824 | Lair:1   | 10824 ||| READING scroll of identify.
 10824 | Lair:1   | 10824 ||| IDENTIFYING silvery potion
 10825 | Lair:1   | 10825 ||| READING scroll labelled FUYKHL XAIBB.
 10825 | Lair:1   | 10825 ||| BRANDING +1 orcbow.
 10826 | Lair:1   | 10826 ||| DROPPING potion of invisibility.
 10865 | Lair:2   | Found a staircase to the Shoals.
 10873 | Lair:2   | Reached skill level 3 in Armour
 11073 | Lair:2   | 11073 ||| RETREEEEATING.
 11074 | Lair:2   | 11074 ||| RETREEEEATING.
 11075 | Lair:2   | 11075 ||| RETREEEEATING.
 11076 | Lair:2   | 11076 ||| RETREEEEATING.
 11077 | Lair:2   | 11077 ||| RETREEEEATING.
 11078 | Lair:2   | 11078 ||| RETREEEEATING.
 11079 | Lair:2   | 11079 ||| RETREEEEATING.
 11080 | Lair:2   | 11080 ||| RETREEEEATING.
 11081 | Lair:2   | 11081 ||| RETREEEEATING.
 11082 | Lair:2   | 11082 ||| RETREEEEATING.
 11083 | Lair:2   | 11083 ||| RETREEEEATING.
 11084 | Lair:2   | 11084 ||| RETREEEEATING.
 11085 | Lair:2   | 11085 ||| RETREEEEATING.
 11086 | Lair:2   | 11086 ||| RETREEEEATING.
 11091 | Lair:2   | 11091 ||| RETREEEEATING.
 11212 | Lair:2   | 11212 ||| RETREEEEATING.
 11215 | Lair:2   | 11215 ||| RETREEEEATING.
 11216 | Lair:2   | 11216 ||| RETREEEEATING.
 11227 | Lair:2   | Reached skill level 15 in Ranged Weapons
 11261 | Lair:2   | 11261 ||| RETREEEEATING.
 11262 | Lair:2   | 11262 ||| RETREEEEATING.
 11263 | Lair:2   | 11263 ||| RETREEEEATING.
 11264 | Lair:2   | 11264 ||| RETREEEEATING.
 11589 | Lair:2   | Found a dark tunnel.
 11703 | Lair:2   | 11703 ||| DROPPING amulet of the acrobat.
 11704 | Lair:2   | 11704 ||| UPGRADING to amulet of regeneration.
 11714 | Lair:2   | 11714 ||| DROPPING amulet of guardian spirit.
 11715 | Lair:2   | 11715 ||| READING 2 scrolls of identify.
 11715 | Lair:2   | 11715 ||| IDENTIFYING orange potion
 11716 | Lair:2   | 11716 ||| READING scroll of identify.
 11716 | Lair:2   | 11716 ||| IDENTIFYING scroll labelled TUUMIRCHADI
 11717 | Lair:2   | 11717 ||| READING scroll labelled JUOSOENERPH.
 11717 | Lair:2   | 11717 ||| ENCHANTING +0 pair of gloves.
 11718 | Lair:2   | 11718 ||| DROPPING potion of lignification.
 11719 | Lair:2   | 11719 ||| DROPPING scroll of blinking.
 11726 | Lair:3   | Noticed a four-headed hydra
 11730 | Lair:3   | Killed a four-headed hydra
 11893 | Lair:3   | Reached skill level 9 in Fighting
 12108 | Lair:3   | Found a staircase to the Snake Pit.
 12175 | Lair:3   | 12175 ||| READING scroll of acquirement.
 12175 | Lair:3   | 12175 ||| ACQUIRING ring of Goinein {rF+ MP+9}
 12175 | Lair:3   | Acquired the ring of Goinein {rF+ MP+9}
 12185 | Lair:3   | 12185 ||| RETREEEEATING.
 12186 | Lair:3   | 12186 ||| RETREEEEATING.
 12190 | Lair:3   | 12190 ||| RETREEEEATING.
 12196 | Lair:3   | 12196 ||| RETREEEEATING.
 12197 | Lair:3   | 12197 ||| RETREEEEATING.
 12198 | Lair:3   | 12198 ||| RETREEEEATING.
 12199 | Lair:3   | 12199 ||| RETREEEEATING.
 12200 | Lair:3   | 12200 ||| RETREEEEATING.
 12201 | Lair:3   | 12201 ||| RETREEEEATING.
 12202 | Lair:3   | 12202 ||| RETREEEEATING.
 12203 | Lair:3   | 12203 ||| RETREEEEATING.
 12204 | Lair:3   | 12204 ||| RETREEEEATING.
 12205 | Lair:3   | 12205 ||| RETREEEEATING.
 12206 | Lair:3   | 12206 ||| RETREEEEATING.
 12207 | Lair:3   | 12207 ||| RETREEEEATING.
 12208 | Lair:3   | 12208 ||| RETREEEEATING.
 12209 | Lair:3   | 12209 ||| RETREEEEATING.
 12210 | Lair:3   | 12210 ||| RETREEEEATING.
 12211 | Lair:3   | 12211 ||| RETREEEEATING.
 12212 | Lair:3   | 12212 ||| RETREEEEATING.
 12213 | Lair:3   | 12213 ||| RETREEEEATING.
 12214 | Lair:3   | 12214 ||| RETREEEEATING.
 12215 | Lair:3   | 12215 ||| RETREEEEATING.
 12216 | Lair:3   | 12216 ||| RETREEEEATING.
 12217 | Lair:3   | 12217 ||| RETREEEEATING.
 12218 | Lair:3   | 12218 ||| RETREEEEATING.
 12246 | Lair:3   | Reached XP level 13. HP: 91/111 MP: 16/16
 12485 | Lair:4   | 12485 ||| PLANNING GAUNTLET
 12522 | Lair:4   | 12522 ||| RETREEEEATING.
 12523 | Lair:4   | 12523 ||| RETREEEEATING.
 12530 | Lair:4   | 12530 ||| RETREEEEATING.
 12532 | Lair:4   | Reached skill level 16 in Ranged Weapons
 12795 | Lair:4   | Noticed Snorg
 12806 | Lair:4   | 12806 ||| RETREEEEATING.
 12807 | Lair:4   | 12807 ||| RETREEEEATING.
 12808 | Lair:4   | 12808 ||| RETREEEEATING.
 12809 | Lair:4   | 12809 ||| RETREEEEATING.
 12810 | Lair:4   | 12810 ||| DRINKING potion of haste.
 12815 | Lair:4   | Killed Snorg
 12817 | Lair:4   | 12817 ||| FLEEEEING.
 12818 | Lair:4   | 12818 ||| FLEEEEING.
 12819 | Lair:4   | 12819 ||| FLEEEEING.
 12963 | Lair:4   | Found a staircase to the Slime Pits.
 13022 | Lair:4   | Found a gate leading to a gauntlet.
 13023 | Lair:4   | 13023 ||| READING scroll of identify.
 13023 | Lair:4   | 13023 ||| IDENTIFYING cyan potion
 13024 | Lair:4   | 13024 ||| DROPPING potion of degeneration.
 13030 | Gauntlet | Entered a Gauntlet
 13030 | Gauntlet | Found a runed translucent door.
 13030 | Gauntlet | Found a transporter.
 13030 | Gauntlet | Found a runed translucent door.
 13030 | Gauntlet | Found a transporter.
 13030 | Gauntlet | Found a transporter.
 13040 | Gauntlet | Found a transporter.
 13043 | Gauntlet | Found a transporter.
 13051 | Gauntlet | Found a transporter.
 13054 | Gauntlet | Found a transporter.
 13064 | Gauntlet | Found a transporter.
 13080 | Gauntlet | Found a transporter.
 13099 | Gauntlet | Found a transporter.
 13100 | Gauntlet | Found a transporter.
 13110 | Gauntlet | Found a transporter.
 13221 | Gauntlet | Reached skill level 12 in Dodging
 13232 | Gauntlet | Identified the amulet "Tusasiof" {RegenMP +Blink rN++ rCorr
                  | Str-4}
 13234 | Gauntlet | 13234 ||| DROPPING amulet "Tusasiof" {RegenMP +Blink rN++
                  | rCorr Str-4}.
 13313 | Gauntlet | Noticed a minotaur
 13321 | Gauntlet | Killed a minotaur
 13359 | Gauntlet | 13359 ||| DROPPING ring of resist corrosion.
 13360 | Gauntlet | 13360 ||| UPGRADING to +6 ring of dexterity.
 13362 | Gauntlet | 13362 ||| UPGRADING to ring "Eblovu" {AC+4 Str+3}.
 13364 | Gauntlet | 13364 ||| DROPPING ring of protection from cold.
 13394 | Lair:4   | 13394 ||| PLANNING LAIR
 13637 | Lair:5   | Entered Level 5 of the Lair of Beasts
 13946 | Lair:5   | 13946 ||| RETREEEEATING.
 13948 | Lair:5   | 13948 ||| RETREEEEATING.
 13959 | Lair:5   | 13959 ||| RETREEEEATING.
 13963 | Lair:5   | 13963 ||| RETREEEEATING.
 13964 | Lair:5   | 13964 ||| RETREEEEATING.
 13965 | Lair:5   | 13965 ||| RETREEEEATING.
 13966 | Lair:5   | 13966 ||| RETREEEEATING.
 14036 | Lair:5   | Noticed an azure jelly
 14036 | Lair:5   | Noticed an azure jelly
 14037 | Lair:5   | 14037 ||| RETREEEEATING.
 14038 | Lair:5   | 14038 ||| RETREEEEATING.
 14039 | Lair:5   | 14039 ||| RETREEEEATING.
 14040 | Lair:5   | 14040 ||| RETREEEEATING.
 14041 | Lair:5   | 14041 ||| RETREEEEATING.
 14042 | Lair:5   | 14042 ||| RETREEEEATING.
 14043 | Lair:5   | 14043 ||| RETREEEEATING.
 14045 | Lair:5   | 14045 ||| DRINKING potion of haste.
 14050 | Lair:5   | Killed an azure jelly
 14129 | Lair:5   | Killed an azure jelly
 14241 | Lair:5   | 14241 ||| RETREEEEATING.
 14245 | Lair:5   | 14245 ||| RETREEEEATING.
 14246 | Lair:5   | 14246 ||| RETREEEEATING.
 14247 | Lair:5   | 14247 ||| RETREEEEATING.
 14248 | Lair:5   | 14248 ||| RETREEEEATING.
 14251 | Lair:5   | 14251 ||| RETREEEEATING.
 14252 | Lair:5   | 14252 ||| RETREEEEATING.
 14253 | Lair:5   | 14253 ||| RETREEEEATING.
 14255 | Lair:5   | 14255 ||| RETREEEEATING.
 14258 | Lair:5   | 14258 ||| READING 4 scrolls of teleportation.
 14260 | Lair:5   | 14260 ||| RETREEEEATING.
 14261 | Lair:5   | 14261 ||| FLEEEEING.
 14287 | Lair:5   | 14287 ||| RETREEEEATING.
 14353 | Lair:5   | 14353 ||| Stepping ~*~*~tactically~*~*~ (cloud).
 14362 | Lair:5   | 14362 ||| FLEEEEING.
 14363 | Lair:5   | 14363 ||| FLEEEEING.
 14364 | Lair:5   | 14364 ||| FLEEEEING.
 14365 | Lair:5   | 14365 ||| FLEEEEING.
 14366 | Lair:5   | 14366 ||| FLEEEEING.
 14367 | Lair:5   | 14367 ||| FLEEEEING.
 14368 | Lair:5   | 14368 ||| FLEEEEING.
 14369 | Lair:5   | 14369 ||| FLEEEEING.
 14370 | Lair:5   | 14370 ||| FLEEEEING.
 14371 | Lair:5   | 14371 ||| FLEEEEING.
 14372 | Lair:5   | 14372 ||| FLEEEEING.
 14373 | Lair:5   | 14373 ||| FLEEEEING.
 14374 | Lair:5   | 14374 ||| FLEEEEING.
 14375 | Lair:5   | 14375 ||| FLEEEEING.
 14376 | Lair:5   | 14376 ||| FLEEEEING.
 14377 | Lair:5   | 14377 ||| FLEEEEING.
 14378 | Lair:5   | 14378 ||| FLEEEEING.
 14451 | Lair:5   | 14451 ||| RETREEEEATING.
 14453 | Lair:5   | 14453 ||| RETREEEEATING.
 14456 | Lair:5   | 14456 ||| RETREEEEATING.
 14457 | Lair:5   | 14457 ||| RETREEEEATING.
 14458 | Lair:5   | 14458 ||| RETREEEEATING.
 14459 | Lair:5   | 14459 ||| RETREEEEATING.
 14460 | Lair:5   | 14460 ||| RETREEEEATING.
 14477 | Lair:5   | Reached XP level 14. HP: 87/121 MP: 17/17
 14696 | Lair:5   | Found a large runed translucent door.
 14732 | Lair:5   | Found a large runed translucent door.
 15084 | Lair:5   | 15084 ||| PLANNING D
 15261 | D:12     | Found Iqiad's Jewellery Shop.
 15276 | D:12     | Found Diphor's Weapon Boutique.
 15278 | D:12     | Found Nuzost Guiha's Book Shop.
 15284 | D:12     | 15284 ||| BUYING +5 ring of evasion (648 gold).
 15284 | D:12     | Bought a +5 ring of evasion for 648 gold pieces
 15284 | D:12     | 15284 ||| SHOPLISTING ring of Attitude {rF- rN+++ Str+6
                  | Int-2 Slay+5} (1328 gold, have 384).
 15592 | D:12     | 15592 ||| UPGRADING to +5 ring of evasion.
 15594 | D:12     | 15594 ||| DROPPING ring "Eblovu" {AC+4 Str+3}.
 16081 | D:13     | 16081 ||| RETREEEEATING.
 16082 | D:13     | 16082 ||| RETREEEEATING.
 16084 | D:13     | 16084 ||| RETREEEEATING.
 16085 | D:13     | 16085 ||| ZAPPING wand of light (19) at 3,1 (freezing
                  | wraith; floor).
 16116 | D:13     | Found a gate to the Vaults.
 16184 | D:14     | Reached skill level 15 in Dodging
 16219 | D:14     | Found a runed translucent gate.
 16224 | D:14     | Found a runed translucent gate.
 16224 | D:14     | Found a runed translucent gate.
 16229 | D:14     | Noticed Jiolyugh's ghost (journeyman GrEE)
 16769 | D:14     | 16769 ||| UPGRADING to amulet of reflection.
 16779 | D:14     | 16779 ||| DROPPING amulet of regeneration.
 16780 | D:14     | 16780 ||| READING scroll of identify.
 16780 | D:14     | 16780 ||| IDENTIFYING smoky white potion
 16781 | D:14     | 16781 ||| DROPPING potion of ambrosia.
 16802 | D:15     | Entered Level 15 of the Dungeon
 16811 | D:15     | Noticed Rupert
 16812 | D:15     | 16812 ||| RETREEEEATING.
 16813 | D:15     | 16813 ||| RETREEEEATING.
 16814 | D:15     | 16814 ||| RETREEEEATING.
 16815 | D:15     | 16815 ||| RETREEEEATING.
 16816 | D:15     | 16816 ||| RETREEEEATING.
 16820 | D:15     | 16820 ||| ZAPPING wand of light (18) at -2,-1 (Rupert;
                  | floor).
 16821 | D:15     | 16821 ||| ZAPPING wand of light (17) at -2,-1 (Rupert;
                  | floor).
 16822 | D:15     | 16822 ||| ZAPPING wand of light (16) at -1,-2 (Rupert;
                  | floor).
 16827 | D:15     | Killed Rupert
 16930 | D:15     | 16930 ||| RETREEEEATING.
 16941 | D:15     | 16941 ||| RETREEEEATING.
 16942 | D:15     | 16942 ||| RETREEEEATING.
 16942 | D:15     | HP: 20/124 [??? (18)]
 16943 | D:15     | 16943 ||| READING 8 scrolls of teleportation.
 16944 | D:15     | 16944 ||| DRINKING 2 potions of heal wounds.
 16946 | D:15     | 16946 ||| DRINKING potion of heal wounds.
 17027 | D:15     | 17027 ||| READING scroll of enchant armour.
 17027 | D:15     | 17027 ||| ENCHANTING +1 pair of gloves.
 17210 | D:15     | 17210 ||| RETREEEEATING.
 17211 | D:15     | 17211 ||| RETREEEEATING.
 17216 | D:15     | Reached skill level 12 in Fighting
 17224 | D:15     | Found a staircase to the Depths.
 17350 | D:15     | 17350 ||| PLANNING ORC
 17463 | Orc:1    | Entered Level 1 of the Orcish Mines
 17463 | Orc:1    | Found a frozen archway.
 17651 | Orc:1    | Reached XP level 15. HP: 132/132 MP: 18/18
 17727 | Orc:1    | 17727 ||| RETREEEEATING.
 17729 | Orc:1    | 17729 ||| RETREEEEATING.
 17731 | Orc:1    | 17731 ||| RETREEEEATING.
 17733 | Orc:1    | 17733 ||| RETREEEEATING.
 17735 | Orc:1    | 17735 ||| RETREEEEATING.
 17737 | Orc:1    | 17737 ||| RETREEEEATING.
 17739 | Orc:1    | 17739 ||| RETREEEEATING.
 17741 | Orc:1    | 17741 ||| RETREEEEATING.
 17743 | Orc:1    | 17743 ||| RETREEEEATING.
 17745 | Orc:1    | 17745 ||| RETREEEEATING.
 17747 | Orc:1    | 17747 ||| RETREEEEATING.
 17765 | Orc:1    | 17765 ||| RETREEEEATING.
 17769 | Orc:1    | 17769 ||| RETREEEEATING.
 17782 | Orc:1    | 17782 ||| ZAPPING wand of light (15) at -2,-1 (orc knight;
                  | floor).
 17783 | Orc:1    | 17783 ||| ZAPPING wand of light (14) at -2,-1 (orc knight;
                  | floor).
 17784 | Orc:1    | 17784 ||| ZAPPING wand of light (13) at -2,-1 (orc knight;
                  | floor).
 17785 | Orc:1    | 17785 ||| ZAPPING wand of light (12) at -2,-1 (orc knight;
                  | floor).
 17916 | Orc:1    | 17916 ||| ZAPPING wand of light (11) at 1,-3 (sun demon;
                  | floor).
 18201 | Orc:2    | Entered Level 2 of the Orcish Mines
 18203 | Orc:2    | 18203 ||| STAIRDANCE
 18215 | Orc:2    | 18215 ||| STAIRDANCE
 18675 | Orc:2    | 18675 ||| ZAPPING wand of light (10) at 1,-3 (orc sorcerer;
                  | floor).
 18676 | Orc:2    | 18676 ||| ZAPPING wand of light (9) at 0,-3 (orc sorcerer;
                  | floor).
 18677 | Orc:2    | 18677 ||| ZAPPING wand of light (8) at 0,-3 (orc sorcerer;
                  | floor).
 18678 | Orc:2    | 18678 ||| ZAPPING wand of light (7) at -1,-2 (orc sorcerer;
                  | floor).
 18679 | Orc:2    | 18679 ||| ZAPPING wand of light (6) at -1,-2 (orc sorcerer;
                  | floor).
 18680 | Orc:2    | 18680 ||| ZAPPING wand of light (5) at -1,-2 (orc sorcerer;
                  | floor).
 18714 | Orc:2    | Found Jawuelop's Magic Scroll Emporium.
 18716 | Orc:2    | 18716 ||| RETREEEEATING.
 18717 | Orc:2    | 18717 ||| ZAPPING wand of light (4) at -2,-2 (orc knight;
                  | floor).
 18718 | Orc:2    | 18718 ||| ZAPPING wand of light (3) at -2,-1 (orc knight;
                  | floor).
 18719 | Orc:2    | 18719 ||| ZAPPING wand of light (2) at -2,-1 (orc knight;
                  | floor).
 18721 | Orc:2    | 18721 ||| ZAPPING wand of light (1) at -2,-1 (orc knight;
                  | floor).
 18750 | Orc:2    | 18750 ||| BUYING scroll of enchant armour (112 gold).
 18750 | Orc:2    | Bought a scroll of enchant armour for 112 gold pieces
 18750 | Orc:2    | 18750 ||| BUYING scroll of teleportation (45 gold).
 18750 | Orc:2    | Bought a scroll of teleportation for 45 gold pieces
 18750 | Orc:2    | 18750 ||| BUYING scroll of teleportation (45 gold).
 18750 | Orc:2    | Bought a scroll of teleportation for 45 gold pieces
 18750 | Orc:2    | 18750 ||| BUYING scroll of teleportation (45 gold).
 18750 | Orc:2    | Bought a scroll of teleportation for 45 gold pieces
 18750 | Orc:2    | 18750 ||| READING scroll of enchant armour.
 18750 | Orc:2    | 18750 ||| ENCHANTING +1 helmet.
 18758 | Orc:2    | Found Reeb's General Store.
 19162 | Orc:2    | Found a staircase to the Elven Halls.
 19303 | Orc:2    | 19303 ||| RETREEEEATING.
 19306 | Orc:2    | 19306 ||| RETREEEEATING.
 19307 | Orc:2    | 19307 ||| RETREEEEATING.
 19308 | Orc:2    | 19308 ||| RETREEEEATING.
 19309 | Orc:2    | 19309 ||| RETREEEEATING.
 19342 | Orc:2    | 19342 ||| FLEEEEING.
 19343 | Orc:2    | 19343 ||| FLEEEEING.
 19345 | Orc:2    | 19345 ||| FLEEEEING.
 19346 | Orc:2    | 19346 ||| FLEEEEING.
 19347 | Orc:2    | 19347 ||| FLEEEEING.
 19348 | Orc:2    | 19348 ||| FLEEEEING.
 19349 | Orc:2    | 19349 ||| FLEEEEING.
 19351 | Orc:2    | 19351 ||| FLEEEEING.
 19383 | Orc:2    | 19383 ||| FLEEEEING.
 19384 | Orc:2    | 19384 ||| FLEEEEING.
 19385 | Orc:2    | 19385 ||| FLEEEEING.
 19386 | Orc:2    | 19386 ||| FLEEEEING.
 19387 | Orc:2    | 19387 ||| FLEEEEING.
 19388 | Orc:2    | 19388 ||| FLEEEEING.
 19389 | Orc:2    | 19389 ||| FLEEEEING.
 19390 | Orc:2    | 19390 ||| FLEEEEING.
 19392 | Orc:2    | 19392 ||| FLEEEEING.
 19395 | Orc:2    | 19395 ||| FLEEEEING.
 19396 | Orc:2    | 19396 ||| FLEEEEING.
 19402 | Orc:2    | 19402 ||| RETREEEEATING.
 19460 | Orc:2    | Found Edyarym's Magic Scroll Emporium.
 19469 | Orc:2    | 19469 ||| BUYING scroll of identify (30 gold).
 19469 | Orc:2    | Bought a scroll of identify for 30 gold pieces
 19469 | Orc:2    | 19469 ||| BUYING scroll of teleportation (45 gold).
 19469 | Orc:2    | Bought a scroll of teleportation for 45 gold pieces
 19469 | Orc:2    | 19469 ||| BUYING scroll of teleportation (45 gold).
 19469 | Orc:2    | Bought a scroll of teleportation for 45 gold pieces
 19519 | Orc:2    | Found Tatyca's Weapon Shoppe.
 19529 | Orc:2    | 19529 ||| BUYING +4 orcbow of Yredelemnul's Approval
                  | {freeze, +Blink rPois Str-3 Int+3} (667 gold).
 19529 | Orc:2    | Bought the +4 orcbow of Yredelemnul's Approval {freeze,
                  | +Blink rPois Str-3 Int+3} for 667 gold pieces
 19529 | Orc:2    | 19529 ||| SWAPPING to +4 orcbow of Yredelemnul's Approval
                  | {freeze, +Blink rPois Str-3 Int+3}.
 19530 | Orc:2    | 19530 ||| DROPPING +1 heavy orcbow.
 19554 | Orc:2    | 19554 ||| RETREEEEATING.
 19725 | Orc:2    | 19725 ||| PLANNING SNAKE:1-3
 19917 | Snake:1  | Entered Level 1 of the Snake Pit
 20040 | Snake:1  | Reached skill level 18 in Dodging
 20054 | Snake:1  | Found Biyz's Weapon Emporium.
 20160 | Snake:1  | 20160 ||| RETREEEEATING.
 20162 | Snake:1  | 20162 ||| RETREEEEATING.
 20965 | Snake:2  | 20965 ||| RETREEEEATING.
 20966 | Snake:2  | 20966 ||| RETREEEEATING.
 20967 | Snake:2  | 20967 ||| RETREEEEATING.
 20968 | Snake:2  | 20968 ||| RETREEEEATING.
 21045 | Snake:2  | Noticed Asterion
 21053 | Snake:2  | Killed Asterion
 21095 | Snake:2  | 21095 ||| RETREEEEATING.
 22619 | Snake:3  | 22619 ||| PLANNING SHOALS:1-3
 22619 | Snake:3  | 22619 ||| READING 6 scrolls of identify.
 22619 | Snake:3  | 22619 ||| IDENTIFYING fizzy brown potion
 22806 | Shoals:1 | Entered Level 1 of the Shoals
 22813 | Shoals:1 | Reached XP level 16. HP: 143/143 MP: 19/19
 22848 | Shoals:1 | 22848 ||| Stepping ~*~*~tactically~*~*~ (cloud).
 22918 | Shoals:1 | 22918 ||| SWAPPING to +0 longbow.
 22919 | Shoals:1 | 22919 ||| DROPPING +4 orcbow of Yredelemnul's Approval
                  | {freeze, +Blink rPois Str-3 Int+3}.
 22920 | Shoals:1 | 22920 ||| READING scroll of brand weapon.
 22920 | Shoals:1 | 22920 ||| BRANDING +0 longbow.
 22921 | Shoals:1 | 22921 ||| READING scroll of enchant weapon.
 22921 | Shoals:1 | 22921 ||| ENCHANTING +0 longbow of draining.
 22923 | Shoals:1 | Identified the serpent talisman "Tumejose" {rElec rC- MP+9
                  | Dex+4}
 22924 | Shoals:1 | Noticed Cedruin's ghost (adept DrAr)
 22955 | Shoals:1 | Found a runed translucent door.
 22967 | Shoals:1 | Noticed Roxanne
 22986 | Shoals:1 | 22986 ||| FLEEEEING.
 22987 | Shoals:1 | 22987 ||| FLEEEEING.
 22988 | Shoals:1 | 22988 ||| FLEEEEING.
 22989 | Shoals:1 | 22989 ||| FLEEEEING.
 22990 | Shoals:1 | 22990 ||| FLEEEEING.
 22991 | Shoals:1 | 22991 ||| FLEEEEING.
 22993 | Shoals:1 | 22993 ||| FLEEEEING.
 22994 | Shoals:1 | 22994 ||| FLEEEEING.
 22996 | Shoals:1 | 22996 ||| FLEEEEING.
 23003 | Shoals:1 | 23003 ||| FLEEEEING.
 23107 | Shoals:1 | Killed Roxanne
 23127 | Shoals:1 | 23127 ||| FLEEEEING.
 23133 | Shoals:1 | 23133 ||| FLEEEEING.
 23134 | Shoals:1 | 23134 ||| FLEEEEING.
 23135 | Shoals:1 | 23135 ||| FLEEEEING.
 23136 | Shoals:1 | 23136 ||| FLEEEEING.
 23137 | Shoals:1 | 23137 ||| FLEEEEING.
 23141 | Shoals:1 | 23141 ||| FLEEEEING.
 23674 | Shoals:2 | Found a transporter.
 23674 | Shoals:2 | Found a transporter.
 23676 | Shoals:2 | Noticed Cedruin's ghost (adept DrAr)
 23740 | Shoals:2 | 23740 ||| FLEEEEING.
 23741 | Shoals:2 | 23741 ||| FLEEEEING.
 23742 | Shoals:2 | 23742 ||| FLEEEEING.
 23743 | Shoals:2 | 23743 ||| FLEEEEING.
 23744 | Shoals:2 | 23744 ||| FLEEEEING.
 23745 | Shoals:2 | 23745 ||| FLEEEEING.
 23747 | Shoals:2 | 23747 ||| FLEEEEING.
 23748 | Shoals:2 | 23748 ||| FLEEEEING.
 23749 | Shoals:2 | 23749 ||| FLEEEEING.
 23750 | Shoals:2 | 23750 ||| FLEEEEING.
 23751 | Shoals:2 | 23751 ||| FLEEEEING.
 23896 | Shoals:2 | Noticed a kraken
 23982 | Shoals:2 | 23982 ||| DRINKING 2 potions of haste.
 24102 | Shoals:2 | Reached skill level 17 in Ranged Weapons
 24366 | Shoals:3 | Noticed Mlioglotl
 24367 | Shoals:3 | 24367 ||| DRINKING potion of haste.
 24376 | Shoals:3 | 24376 ||| RETREEEEATING.
 24377 | Shoals:3 | 24377 ||| RETREEEEATING.
 24383 | Shoals:3 | Killed Mlioglotl
 24423 | Shoals:3 | Found Lyohoum's Armour Shop.
 24786 | Shoals:3 | 24786 ||| DROPPING ring of magical power.
 24807 | Shoals:4 | Entered Level 4 of the Shoals
 24864 | Shoals:4 | 24864 ||| STAIRDANCE
 24981 | Shoals:4 | Noticed Ilsuiw
 24989 | Shoals:4 | 24989 ||| RETREEEEATING.
 24991 | Shoals:4 | 24991 ||| DRINKING potion of haste.
 24996 | Shoals:4 | 24996 ||| RETREEEEATING.
 24998 | Shoals:4 | 24998 ||| Stepping ~*~*~tactically~*~*~ (cloud).
 25014 | Shoals:4 | Killed Ilsuiw
 25088 | Shoals:4 | 25088 ||| RETREEEEATING.
 25090 | Shoals:4 | 25090 ||| RETREEEEATING.
 25091 | Shoals:4 | 25091 ||| RETREEEEATING.
 25094 | Shoals:4 | 25094 ||| RETREEEEATING.
 25099 | Shoals:4 | 25099 ||| RETREEEEATING.
 25101 | Shoals:4 | 25101 ||| RETREEEEATING.
 25121 | Shoals:3 | 25121 ||| BUYING +1 cloak of Focus {rPois MP-9 Str-2 Int+6}
                  | (122 gold).
 25121 | Shoals:3 | Bought the +1 cloak of Focus {rPois MP-9 Str-2 Int+6} for
                  | 122 gold pieces
 25121 | Shoals:3 | 25121 ||| PLANNING SNAKE:4
 25121 | Shoals:3 | 25121 ||| UPGRADING to +1 cloak of Focus {rPois MP-9 Str-2
                  | Int+6}.
 25137 | Shoals:4 | Reached skill level 18 in Ranged Weapons
 25355 | Snake:4  | Entered Level 4 of the Snake Pit
 25370 | Snake:4  | 25370 ||| RETREEEEATING.
 25397 | Snake:4  | 25397 ||| RETREEEEATING.
 25398 | Snake:4  | 25398 ||| RETREEEEATING.
 25399 | Snake:4  | 25399 ||| RETREEEEATING.
 25400 | Snake:4  | 25400 ||| RETREEEEATING.
 25401 | Snake:4  | 25401 ||| RETREEEEATING.
 25402 | Snake:4  | 25402 ||| RETREEEEATING.
 25403 | Snake:4  | 25403 ||| RETREEEEATING.
 25404 | Snake:4  | 25404 ||| RETREEEEATING.
 25405 | Snake:4  | 25405 ||| READING 14 scrolls of teleportation.
 25406 | Snake:4  | 25406 ||| RETREEEEATING.
 25407 | Snake:4  | 25407 ||| RETREEEEATING.
 25447 | Snake:4  | 25447 ||| RETREEEEATING.
 25448 | Snake:4  | 25448 ||| RETREEEEATING.
 25449 | Snake:4  | 25449 ||| RETREEEEATING.
 25450 | Snake:4  | 25450 ||| RETREEEEATING.
 25451 | Snake:4  | 25451 ||| RETREEEEATING.
 25452 | Snake:4  | 25452 ||| RETREEEEATING.
 25453 | Snake:4  | 25453 ||| ZAPPING wand of light (8) at 3,1 (shock serpent;
                  | floor).
 25454 | Snake:4  | 25454 ||| ZAPPING wand of light (7) at 2,1 (shock serpent;
                  | floor).
 25455 | Snake:4  | 25455 ||| READING 13 scrolls of teleportation.
 25456 | Snake:4  | 25456 ||| RETREEEEATING.
 25457 | Snake:4  | 25457 ||| RETREEEEATING.
 25458 | Snake:4  | 25458 ||| RETREEEEATING.
 25459 | Snake:4  | 25459 ||| READING 12 scrolls of teleportation.
 25460 | Snake:4  | 25460 ||| RETREEEEATING.
 25461 | Snake:4  | 25461 ||| RETREEEEATING.
 25462 | Snake:4  | 25462 ||| RETREEEEATING.
 25469 | Snake:4  | 25469 ||| RETREEEEATING.
 25470 | Snake:4  | 25470 ||| RETREEEEATING.
 25471 | Snake:4  | 25471 ||| RETREEEEATING.
 25472 | Snake:4  | 25472 ||| RETREEEEATING.
 25473 | Snake:4  | 25473 ||| RETREEEEATING.
 25474 | Snake:4  | 25474 ||| RETREEEEATING.
 25476 | Snake:4  | 25476 ||| RETREEEEATING.
 25477 | Snake:4  | 25477 ||| RETREEEEATING.
 25478 | Snake:4  | 25478 ||| RETREEEEATING.
 25479 | Snake:4  | 25479 ||| RETREEEEATING.
 25480 | Snake:4  | 25480 ||| RETREEEEATING.
 25481 | Snake:4  | 25481 ||| READING 11 scrolls of teleportation.
 25487 | Snake:4  | 25487 ||| RETREEEEATING.
 25488 | Snake:4  | 25488 ||| RETREEEEATING.
 25489 | Snake:4  | 25489 ||| RETREEEEATING.
 25490 | Snake:4  | 25490 ||| RETREEEEATING.
 25491 | Snake:4  | 25491 ||| RETREEEEATING.
 25492 | Snake:4  | 25492 ||| RETREEEEATING.
 25493 | Snake:4  | 25493 ||| RETREEEEATING.
 25494 | Snake:4  | 25494 ||| RETREEEEATING.
 25495 | Snake:4  | 25495 ||| RETREEEEATING.
 25496 | Snake:4  | 25496 ||| RETREEEEATING.
 25497 | Snake:4  | 25497 ||| RETREEEEATING.
 25498 | Snake:4  | 25498 ||| RETREEEEATING.
 25499 | Snake:4  | 25499 ||| RETREEEEATING.
 25500 | Snake:4  | 25500 ||| RETREEEEATING.
 25501 | Snake:4  | 25501 ||| RETREEEEATING.
 25502 | Snake:4  | 25502 ||| RETREEEEATING.
 25503 | Snake:4  | 25503 ||| RETREEEEATING.
 25504 | Snake:4  | 25504 ||| RETREEEEATING.
 25505 | Snake:4  | 25505 ||| RETREEEEATING.
 25506 | Snake:4  | 25506 ||| RETREEEEATING.
 25507 | Snake:4  | 25507 ||| RETREEEEATING.
 25508 | Snake:4  | 25508 ||| RETREEEEATING.
 25509 | Snake:4  | 25509 ||| RETREEEEATING.
 25510 | Snake:4  | 25510 ||| RETREEEEATING.
 25511 | Snake:4  | 25511 ||| RETREEEEATING.
 25512 | Snake:4  | 25512 ||| READING 10 scrolls of teleportation.
 25513 | Snake:4  | 25513 ||| RETREEEEATING.
 25514 | Snake:4  | 25514 ||| RETREEEEATING.
 25516 | Snake:4  | 25516 ||| RETREEEEATING.
 25527 | Snake:4  | 25527 ||| FLEEEEING.
 25528 | Snake:4  | 25528 ||| STAIRDANCE
 25597 | Snake:4  | 25597 ||| RETREEEEATING.
 25598 | Snake:4  | 25598 ||| RETREEEEATING.
 25599 | Snake:4  | 25599 ||| RETREEEEATING.
 25600 | Snake:4  | 25600 ||| RETREEEEATING.
 25601 | Snake:4  | 25601 ||| RETREEEEATING.
 25602 | Snake:4  | 25602 ||| RETREEEEATING.
 25603 | Snake:4  | 25603 ||| RETREEEEATING.
 25604 | Snake:4  | 25604 ||| RETREEEEATING.
 25605 | Snake:4  | 25605 ||| RETREEEEATING.
 25606 | Snake:4  | 25606 ||| RETREEEEATING.
 25607 | Snake:4  | 25607 ||| RETREEEEATING.
 25608 | Snake:4  | 25608 ||| RETREEEEATING.
 25609 | Snake:4  | 25609 ||| RETREEEEATING.
 25614 | Snake:4  | 25614 ||| ZAPPING wand of light (6) at -3,2 (nagaraja;
                  | floor).
 25615 | Snake:4  | 25615 ||| ZAPPING wand of light (5) at -2,1 (nagaraja;
                  | floor).
 25616 | Snake:4  | 25616 ||| ZAPPING wand of light (4) at -2,1 (nagaraja;
                  | floor).
 25617 | Snake:4  | 25617 ||| ZAPPING wand of light (3) at -3,2 (shock serpent;
                  | floor).
 25618 | Snake:4  | 25618 ||| READING 9 scrolls of teleportation.
 25619 | Snake:4  | 25619 ||| ZAPPING wand of light (2) at -2,1 (shock serpent;
                  | floor).
 25620 | Snake:4  | 25620 ||| ZAPPING wand of light (1) at 2,1 (naga mage;
                  | floor).
 25635 | Snake:4  | 25635 ||| RETREEEEATING.
 25720 | Snake:4  | Reached XP level 17. HP: 149/149 MP: 11/20
 25726 | Snake:4  | Reached skill level 19 in Ranged Weapons
 26001 | Snake:4  | 26001 ||| RETREEEEATING.
 26002 | Snake:4  | 26002 ||| RETREEEEATING.
 26005 | Snake:4  | 26005 ||| RETREEEEATING.
 26009 | Snake:4  | 26009 ||| RETREEEEATING.
 26010 | Snake:4  | 26010 ||| DRINKING potion of haste.
 26016 | Snake:4  | 26016 ||| RETREEEEATING.
 26017 | Snake:4  | 26017 ||| RETREEEEATING.
 26018 | Snake:4  | 26018 ||| RETREEEEATING.
 26019 | Snake:4  | 26019 ||| RETREEEEATING.
 26020 | Snake:4  | 26020 ||| RETREEEEATING.
 26021 | Snake:4  | 26021 ||| RETREEEEATING.
 26022 | Snake:4  | 26022 ||| RETREEEEATING.
 26023 | Snake:4  | 26023 ||| RETREEEEATING.
 26024 | Snake:4  | 26024 ||| RETREEEEATING.
 26028 | Snake:4  | 26028 ||| RETREEEEATING.
 26029 | Snake:4  | 26029 ||| RETREEEEATING.
 26030 | Snake:4  | 26030 ||| RETREEEEATING.
 26031 | Snake:4  | 26031 ||| RETREEEEATING.
 26032 | Snake:4  | 26032 ||| RETREEEEATING.
 26130 | Snake:4  | 26130 ||| RETREEEEATING.
 26133 | Snake:4  | 26133 ||| RETREEEEATING.
 26145 | Snake:4  | 26145 ||| RETREEEEATING.
 26220 | Snake:4  | Got a serpentine rune of Zot
 26309 | Snake:4  | 26309 ||| PLANNING VAULTS:1-4
 26549 | Vaults:1 | Entered Level 1 of the Vaults
 26582 | Vaults:1 | 26582 ||| RETREEEEATING.
 26589 | Vaults:1 | Reached skill level 20 in Ranged Weapons
 26730 | Vaults:1 | 26730 ||| SWAPPING to +0 hand cannon.
 26734 | Vaults:1 | 26734 ||| DRINKING 8 potions of curing.
 26734 | Vaults:1 | 26734 ||| (to cure confusion)
 26736 | Vaults:1 | 26736 ||| DROPPING +1 longbow of draining.
 26967 | Vaults:1 | 26967 ||| FLEEEEING.
 26969 | Vaults:1 | 26969 ||| FLEEEEING.
 26970 | Vaults:1 | 26970 ||| FLEEEEING.
 26971 | Vaults:1 | 26971 ||| FLEEEEING.
 26972 | Vaults:1 | 26972 ||| FLEEEEING.
 26973 | Vaults:1 | 26973 ||| FLEEEEING.
 27032 | Vaults:1 | Found Exoqin's Book Shoppe.
 27058 | Vaults:1 | 27058 ||| DRINKING 2 potions of resistance.
 27154 | Vaults:1 | 27154 ||| RETREEEEATING.
 27155 | Vaults:1 | 27155 ||| RETREEEEATING.
 27156 | Vaults:1 | 27156 ||| FLEEEEING.
 27157 | Vaults:1 | 27157 ||| FLEEEEING.
 27158 | Vaults:1 | 27158 ||| FLEEEEING.
 27159 | Vaults:1 | 27159 ||| FLEEEEING.
 27160 | Vaults:1 | 27160 ||| FLEEEEING.
 27161 | Vaults:1 | 27161 ||| FLEEEEING.
 27162 | Vaults:1 | 27162 ||| FLEEEEING.
 27163 | Vaults:1 | 27163 ||| FLEEEEING.
 27164 | Vaults:1 | 27164 ||| FLEEEEING.
 27165 | Vaults:1 | 27165 ||| FLEEEEING.
 27166 | Vaults:1 | 27166 ||| FLEEEEING.
 27167 | Vaults:1 | 27167 ||| FLEEEEING.
 27168 | Vaults:1 | 27168 ||| FLEEEEING.
 27169 | Vaults:1 | 27169 ||| FLEEEEING.
 27173 | Vaults:1 | 27173 ||| FLEEEEING.
 27174 | Vaults:1 | 27174 ||| FLEEEEING.
 27175 | Vaults:1 | 27175 ||| FLEEEEING.
 27176 | Vaults:1 | 27176 ||| FLEEEEING.
 27177 | Vaults:1 | 27177 ||| FLEEEEING.
 27178 | Vaults:1 | 27178 ||| FLEEEEING.
 27179 | Vaults:1 | 27179 ||| FLEEEEING.
 27180 | Vaults:1 | 27180 ||| FLEEEEING.
 27181 | Vaults:1 | 27181 ||| FLEEEEING.
 27182 | Vaults:1 | 27182 ||| FLEEEEING.
 27183 | Vaults:1 | 27183 ||| FLEEEEING.
 27184 | Vaults:1 | 27184 ||| FLEEEEING.
 27185 | Vaults:1 | 27185 ||| FLEEEEING.
 27186 | Vaults:1 | 27186 ||| FLEEEEING.
 27187 | Vaults:1 | 27187 ||| FLEEEEING.
 27188 | Vaults:1 | 27188 ||| FLEEEEING.
 27291 | Vaults:1 | 27291 ||| RETREEEEATING.
 27292 | Vaults:1 | 27292 ||| RETREEEEATING.
 27383 | Vaults:1 | 27383 ||| FLEEEEING.
 27384 | Vaults:1 | 27384 ||| FLEEEEING.
 27385 | Vaults:1 | 27385 ||| FLEEEEING.
 27386 | Vaults:1 | 27386 ||| FLEEEEING.
 27387 | Vaults:1 | 27387 ||| FLEEEEING.
 27388 | Vaults:1 | 27388 ||| DRINKING potion of resistance.
 27389 | Vaults:1 | 27389 ||| ZAPPING wand of paralysis (24) at -4,6 (ironbound
                  | thunderhulk; open_door).
 27390 | Vaults:1 | 27390 ||| ZAPPING wand of paralysis (23) at -1,3 (ironbound
                  | thunderhulk; floor).
 27391 | Vaults:1 | 27391 ||| ZAPPING wand of paralysis (22) at -1,2 (ironbound
                  | thunderhulk; floor).
 27415 | Vaults:1 | 27415 ||| RETREEEEATING.
 27416 | Vaults:1 | 27416 ||| RETREEEEATING.
 27417 | Vaults:1 | 27417 ||| RETREEEEATING.
 27417 | Vaults:1 | Paralysed by a yaktaur for 5 turns
 27422 | Vaults:1 | 27422 ||| RETREEEEATING.
 27437 | Vaults:1 | HP: 30/149 [deep troll[an ironbound preserver] (14)]
 27438 | Vaults:1 | 27438 ||| READING 9 scrolls of teleportation.
 27438 | Vaults:1 | HP: 9/149 [ironbound frostheart/creeping frost (23)]
 27439 | Vaults:1 | Slain by a deep troll

Levels and vault maps discovered:
D:1:      saegor_arrival_fortress, layout_rooms, chequers_serial_rivers_room_b,
          st_stairs_7, dk_noncrumbling_4
D:2:      layout_basic, ebering_ecumenical_altar_sacrificial, basic_altar
D:3:      layout_loops_ring, grunt_ministairs_2, uniq_natasha
D:4:      layout_rooms, mainiacjoe_overflow_boulevard,
          mainiacjoe_overflow_catwalk, minmay_temple_entry_enclosed_plants,
          gammafunk_ghost_arena
D:5:      layout_cave_pools
D:6:      layout_basic, kb_rosetta
D:7:      layout_basic, nicolae_elemental_shop
D:8:      layout_layer_cave
D:9:      layout_loops_ring, minivault_11
D:10:     layout_roguey, grunt_temple_overflow_cloverleaf,
          nicolae_uskayaw_dance_hall, orc_0_dummy
D:11:     layout_gridville, dpeg_lair_monsters,
          minmay_fractal_squares_gapless_7, uniq_psyche
D:12:     layout_rooms, nicolae_wooded_promenade
D:13:     layout_rooms, david_vaults_4, columned_hall_lemuel
D:14:     layout_long_grid, maelrawn_ghost_gauntlet_escape, lemuel_round_altar
D:15:     hellmonk_depths_entry_around_the_bend, layout_cave_pools,
          nicolae_dithmenos_through_a_glass_darkly, uniq_rupert
Lair:1:   dreamdust_cave_troll, layout_hall_layers
Lair:2:   layout_gridlike, minmay_shoals_entry_hut, enter_volcano_3,
          nicolae_quartered_pool_impasse, minivault_19, serial_bayou_shore_b,
          grunt_megastairs_4
Lair:3:   layout_small_grid, nicolae_snake_entry_warm_welcome, serial_forest,
          infiniplex_forest_straight_1, infiniplex_forest_end_2,
          infiniplex_forest_lined_2, infiniplex_forest_straight_2,
          infiniplex_forest_zigzag_1, infiniplex_forest_end_double,
          infiniplex_forest_corner_2
Lair:4:   layout_loops_ring, dpeg_slime_entry_enclosed, gauntlet_entry_generic,
          st_stairs_11, serial_bayou_ford_a, grunt_forest_small_clearings,
          minmay_lair_oklob_items, uniq_snorg
Lair:5:   cheibrodos_lair_end_hotspot, layout_gridlike, special_room
          [special_room_jelly], chequers_serial_rivers_small_a,
          eino_small_chamber_without_monster
Shoals:1: layout_shoals, hellmonk_ghost_happy_afterlife,
          nicolae_shoals_aquamancer_cove, uniq_roxanne
Shoals:2: layout_shoals, gammafunk_ghost_wrathful_warriors,
          nicolae_shoals_kraken_intersection
Shoals:3: layout_shoals, nicolae_take_the_stairs, uniq_mlioglotl
Shoals:4: shoals_end_grunt_ice, layout_shoals, shoals_ilsuiw_alternative,
          nicolae_shoals_shepherds
Snake:1:  layout_chambers, serial_shops, shop
Snake:2:  layout_gridlike, basic_altar, uniq_asterion
Snake:3:  layout_chambers, serial_bayou_shore_b
Snake:4:  grunt_snake_rune_pools, layout_onion_interference,
          hangedman_snake_pattern, serial_bayou_shore_a
Orc:1:    orc_temple, layout_caves, portal_ice_cave_entry_pillars_2,
          minmay_orc_barracks
Orc:2:    pubby_orc_utopia
Vaults:1: v_alt_pattern_2, nicolae_vaults_network_barrier, v_misc_26,
          ontoclasm_vaults_tryst, nicolae_vaults_big_ls,
          nicolae_vaults_layer_cake_slice, nicolae_vaults_little_squares_6,
          nicolae_vaults_diamond_1, layout_vaults_quadrants, serial_shops, shop

Skill      XL: |  1  2  3  4  5  6  7  8  9 10 11 12 13 14 15 16 17 |
---------------+----------------------------------------------------+-----
Ranged Weapons | 4 5 6 7 8 9 11 12 14 15 16 18 20 | 20.9
Fighting       | 2 3 4 5 6 7 8 9 10 12 13 | 13.0
Dodging        | 2 3 5 6 8 10 11 13 16 18 19 | 19.0
Armour         | 1 2 3 4 5 |  5.3
Stealth        | |  0.8

Action                     |  1- 3 |  4- 6 |  7- 9 | 10-12 | 13-15 | 16-18 || total
---------------------------+-------+-------+-------+-------+-------+-------++-------
   Fire: Shortbow          |    78 |   185 |   290 |       |       |       ||   553
         Orcbow            |       |       |   159 |   697 |  1282 |    58 ||  2196
         Longbow           |       |       |       |       |       |   728 ||   728
         Hand cannon       |       |       |       |       |       |   200 ||   200
  Evoke: Wand              |       |       |    16 |     4 |    19 |    11 ||    50
    Use: Scroll            |     9 |     4 |     8 |    14 |     7 |     9 ||    51
         Potion            |     1 |     3 |     3 |     1 |     4 |     7 ||    19
 Armour: Leather armour    |     9 |    23 |    76 |    86 |       |       ||   194
         Ring mail         |       |    55 |   124 |       |       |       ||   179
         Robe              |       |       |       |   100 |   130 |   131 ||   361
  Dodge: Dodged            |    11 |    59 |   241 |   543 |   574 |   854 ||  2282
  Block: Other             |       |       |       |       |    53 |   121 ||   174
         Reflection        |       |       |       |       |     3 |    16 ||    19

Table legend:
 A = Non-vault XP
 B = Vault XP
 C = Vault XP percentage of total XP
 D = Non-vault monster count
 E = Vault monster count
 F = Vault count percentage of total count
                 A         B        C        D         E       F
            +---------+---------+-------+---------+---------+-------
      Total |  203476 |  115878 |  36.3 |     688 |     364 |  34.6
            +---------+---------+-------+---------+---------+-------
        D:1 |      32 |       4 |  11.1 |      19 |       1 |   5.0
        D:2 |      37 |       0 |   0.0 |      12 |       0 |   0.0
        D:3 |     224 |      35 |  13.5 |      26 |       2 |   7.1
        D:4 |     506 |       0 |   0.0 |      18 |       0 |   0.0
        D:5 |     474 |       0 |   0.0 |      13 |       0 |   0.0
        D:6 |     714 |     593 |  45.4 |      30 |       4 |  11.8
        D:7 |     434 |       0 |   0.0 |       9 |       0 |   0.0
        D:8 |     901 |       0 |   0.0 |      25 |       0 |   0.0
        D:9 |    1897 |       0 |   0.0 |      26 |       0 |   0.0
       D:10 |    2564 |       0 |   0.0 |      11 |       0 |   0.0
       D:11 |    4769 |    7480 |  61.1 |      24 |      16 |  40.0
       D:12 |    2343 |       0 |   0.0 |      15 |       0 |   0.0
       D:13 |    7442 |    2291 |  23.5 |      19 |       4 |  17.4
       D:14 |    8586 |       0 |   0.0 |      16 |       0 |   0.0
       D:15 |   15594 |    4797 |  23.5 |      26 |       6 |  18.8
     Lair:1 |    8174 |     754 |   8.4 |      47 |       1 |   2.1
     Lair:2 |    3951 |    2181 |  35.6 |      17 |      12 |  41.4
     Lair:3 |    9451 |     626 |   6.2 |      24 |       4 |  14.3
     Lair:4 |    3473 |    2530 |  42.1 |      11 |       5 |  31.2
     Lair:5 |   13878 |   11119 |  44.5 |      43 |      38 |  46.9
   Shoals:1 |   15349 |    4645 |  23.2 |      31 |       5 |  13.9
   Shoals:2 |   11614 |       0 |   0.0 |      26 |       0 |   0.0
   Shoals:3 |    6748 |    1774 |  20.8 |      14 |       1 |   6.7
   Shoals:4 |    4298 |    7724 |  64.2 |      10 |      12 |  54.5
    Snake:1 |    9298 |       0 |   0.0 |      23 |       0 |   0.0
    Snake:2 |   13301 |    1569 |  10.6 |      23 |       1 |   4.2
    Snake:3 |    3982 |       0 |   0.0 |       8 |       0 |   0.0
    Snake:4 |   23753 |   28042 |  54.1 |      42 |      37 |  46.8
      Orc:1 |    2919 |    6969 |  70.5 |      37 |      53 |  58.9
      Orc:2 |       0 |   22750 | 100.0 |       0 |     144 | 100.0
   Vaults:1 |   26770 |    6806 |  20.3 |      43 |       9 |  17.3
   Gauntlet |       0 |    3189 | 100.0 |       0 |       9 | 100.0
            +---------+---------+-------+---------+---------+-------
